 Dungeon Crawl Stone Soup version bcrawl-1.35.4b (webtiles) character file.

Game seed: 17387582851056945438

101781 Dulis131 the Conjurer (level 4, -5/30 HPs)
             Began as a Human Conjurer on Jan 29, 2022.
             Killed by divine providence
             ... invoked by an orc priest
              (10 damage)
             ... on level 3 of the Dungeon.
             The game lasted 00:09:44 (2378 turns).

Dulis131 the Conjurer (Human Conjurer)              Turns: 2378, Time: 00:09:44

Health: -5/30      AC:  6    Str:  9    XL:     4   Next: 51%
Magic:  1/7        EV:  8    Int: 16    God:
Gold:   95         SH:  0    Dex: 13    Spells: 6/7 levels left

rFire    . . .     SeeInvis .   c - +0 trident
rCold    . . .     Gourm    .   (no shield)
rNeg     . . .     Faith    .   p - +0 scale mail
rPois    .         Spirit   .   (no helmet)
rElec    .         Reflect  .   (no cloak)
rCorr    .                      (no gloves)
MR       .....                  (no boots)
Stlth    +.........             (no amulet)
HPRegen  0.10/turn              (no ring)
MPRegen  0.10/turn              (no ring)

@: very slightly contaminated
A: no striking features
a: no special abilities


You were on level 3 of the Dungeon.
You were not hungry.

You visited 1 branch of the dungeon, and saw 3 of its levels.

You collected 95 gold pieces.

Inventory:

Hand Weapons
 c - a +0 trident (weapon)
Missiles
 l - 300 arrows
Armour
 p - a +0 scale mail (worn)
Scrolls
 b - a scroll of magic mapping {unknown}
 f - a scroll of fog {unknown}
 g - a scroll of enchant weapon {unknown}
 i - 2 scrolls of identify
 j - 2 scrolls of blinking {unknown}
 m - a scroll of immolation {unknown}
 n - a scroll of teleportation {unknown}
 o - a scroll of amnesia {unknown}
Potions
 d - a potion of might {unknown}
 h - a potion of heal wounds {unknown}
 k - a potion of cancellation {unknown}
 q - a potion of brilliance {unknown}
Comestibles
 e - 5 rations {!d}


   Skills:
 * Level 1.1 Armour
 + Level 2.3 Dodging
 - Level 2.4 Stealth
 + Level 2.3 Spellcasting
 + Level 5.7 Conjurations


You had 6 spell levels left.
You knew the following spells:

 Your Spells              Type           Power        Failure   Level  Hunger
a - Magic Dart            Conj           ###.         16%         1    None

Your spell library contained the following spells:

 Spells                   Type           Power        Failure   Level  Hunger
 Searing Ray              Conj           ###.....     22%         2    ##.....
 Iskenderun's Mystic Bla  Conj           ###.....     41%         3    ####...
 Fulminant Prism          Conj/Hex       ##........   99%         4    ######.
 Irradiate                Conj/Tmut      ##........   100%        5    #######


Dungeon Overview and Level Annotations

Branches:
Dungeon (3/12)

Altars:

Annotations:
D:2 Sigmund


Message History

Casting: Magic Dart (safe; 16% risk of failure)
Confirm with . or Enter, or press ? or * to list all spells.
Aiming: Magic Dart (safe; 16% risk of failure)
Press: ? - help, Shift-Dir - straight line, f/p - orc
Aim: an orc, wielding a +3 mace of crushing The magic dart hits the orc.
The orc is almost dead.
Casting: Magic Dart (safe; 16% risk of failure)
Confirm with . or Enter, or press ? or * to list all spells.
Aiming: Magic Dart (safe; 16% risk of failure)
Press: ? - help, Shift-Dir - straight line, f/p - orc
Aim: an orc, wielding a +3 mace of crushing (almost dead)
The magic dart hits the orc.
You kill the orc!
The orc priest mumbles some strange prayers to Beogh against you.
Beogh smites you!
* * * LOW HITPOINT WARNING * * *
The orc priest mumbles some strange prayers to Beogh against you.
Beogh smites you!
You die...

....##....#...)...
.....o.......###.#
#...##.#..oo....#
#......####<.###.#
#..########..# #..
.........# #.#
#######.## #.# #[#
#@#########.#
#......)o.oo#
#############


You could see an orc priest.

Vanquished Creatures
  Terence (D:2)
  2 worms
  4 dart slugs
  A leopard gecko (D:2)
  3 orcs
  A giant cockroach (D:1)
  A goblin (D:1)
  4 hobgoblins
  8 kobolds
  A quokka (D:1)
  A bat (D:1)
  A frilled lizard (D:1)
  4 rats (D:1)
32 creatures vanquished.

Notes
Turn   | Place    | Note
-------+----------+-------------------------------------------
     0 | D:1      | Dulis131 the Human Conjurer began the quest for the Orb.
     0 | D:1      | Reached XP level 1. HP: 13/13 MP: 3/3
   320 | D:1      | Reached XP level 2. HP: 19/19 MP: 3/5
   442 | D:1      | Reached skill level 5 in Conjurations
   982 | D:2      | Reached XP level 3. HP: 24/24 MP: 3/6
  1067 | D:2      | Noticed Terence
  1159 | D:2      | HP: 1/24 [Terence/+0 trident (2)]
  1190 | D:2      | Killed Terence
  1412 | D:2      | Reached XP level 4. HP: 15/30 MP: 1/7
  1537 | D:2      | Noticed Sigmund
  1759 | D:2      | Found a faded altar of an unknown god.
  2346 | D:3      | Reached skill level 1 in Armour
  2378 | D:3      | Killed from afar by an orc priest

Skill      XL: |  1  2  3  4 |
---------------+-------------+-----
Conjurations   | 5 |  5.7
Armour         | 1 |  1.1
Dodging        | |  2.3
Stealth        | |  2.4
Spellcasting   | |  2.3

Action                   |  1- 3 |  4- 6 || total
-------------------------+-------+-------++-------
Melee: Unarmed           |     9 |       ||     9
       Trident           |    10 |    11 ||    21
 Cast: Magic Dart        |    57 |    35 ||    92
  Use: Potion            |     1 |     1 ||     2
       Scroll            |       |     1 ||     1
 Stab: Distracted        |     1 |       ||     1
  Eat: Chunk             |     2 |     4 ||     6
       Ration            |       |     1 ||     1
Armor: Scale mail        |     1 |     8 ||     9
Dodge: Dodged            |    17 |     9 ||    26
